 Dungeon Crawl Stone Soup version 0.18-a0-1799-g6250cb2 (webtiles) character file.

2204 dobroeutro the Shield-Bearer (level 9, -7/85 HPs)
             Began as a Gargoyle Fighter on Apr 23, 2016.
             Was an Initiate of the Shining One.
             Mangled by an orc warrior
             ... wielding a +0 glaive
              (13 damage)
             ... in a bailey.
             The game lasted 00:13:12 (4382 turns).

dobroeutro the Shield-Bearer (Gargoyle Fighter)     Turns: 4382, Time: 00:13:13

Health: -7/85      AC: 24    Str: 23    XL:     9   Next: 34%
Magic:  9/9        EV:  2    Int:  9    God:    the Shining One [......]
Gold:   398        SH: 11    Dex: 12    Spells: 0 memorised, 8 levels left

rFire  . . .     SeeInvis .     C - +1 flail (distort)
rCold  . . .     Gourm    .     (armour currently unavailable)
rNeg   + + +     Faith    .     B - +0 shield
rPois  ∞         Spirit   .     (helmet currently unavailable)
rElec  .         Dismiss  .     (cloak currently unavailable)
rCorr  .         Reflect  .     (gloves currently unavailable)
SustAt .         Harm     .     (boots currently unavailable)
MR     +....     NoTele   +     (no amulet)
Stlth  +.........               u - +3 ring of dexterity
                                m - ring of protection from magic

@: tree-form, glowing, somewhat resistant to hostile enchantments, very
unstealthy
A: negative energy resistance 1, (electricity resistance), (unbreathing),
petrification resistance, rot immunity, AC +5
a: Renounce Religion


You were in a bailey.
You worshipped the Shining One.
The Shining One was noncommittal.
You were not hungry.
You were a tree.
You visited 2 branches of the dungeon, and saw 8 of its levels.
You also visited: Bailey.

You collected 398 gold pieces.

Inventory:

Hand Weapons
 A - a +1 flail of protection
 C - a +1 flail of distortion (weapon)
Armour
 j - a +1 pair of gloves (melded)
 o - a +0 scale mail (melded)
 x - a +0 helmet (melded)
 B - a +0 shield (worn)
Jewellery
 m - a ring of protection from magic (left branch)
 u - a +3 ring of dexterity (right branch)
Wands
 y - a wand of slowing (41/48)
Scrolls
 a - a scroll of blinking
 n - 5 scrolls of remove curse
 p - 2 scrolls of teleportation
 s - a scroll of magic mapping
 t - a scroll of fear {unknown}
 v - 2 scrolls of identify {unknown}
 w - 2 scrolls of noise {unknown}
 z - a scroll of recharging {unknown}
 D - a scroll of summoning {unknown}
Potions
 d - 2 potions of might
 h - 4 potions of lignification
 k - a potion of brilliance {unknown}
 q - 2 potions of mutation {unknown}
 r - 2 potions of berserk rage {unknown}
Comestibles
 b - 9 chunks of flesh
 f - 5 bread rations
 g - 5 meat rations
 i - 3 slices of pizza
 l - 2 beef jerkies


   Skills:
 + Level 7.4 Fighting
 + Level 6.2 Maces & Flails
 + Level 7.3 Armour
 + Level 7.5 Shields


You had 8 spell levels left.
You didn't know any spells.

Dungeon Overview and Level Annotations

Branches:
Dungeon (7/15)             Temple (1/1) D:5

Altars:
Ashenzari
Dithmenos
Okawaru
Pakellas
Qazlal
Sif Muna
Trog
Vehumet
Xom
The Shining One

Annotations:
D:4 Prince Ribbit


Innate Abilities, Weirdness & Mutations

You are resistant to torment.
((Your stone body is resilient (AC +5).))
You are immune to poison.
You resist negative energy.
((You are resistant to electric shocks.))
((You can survive without breathing.))
You are immune to petrification.
You are immune to rotting.


Message History

The centaur throws a javelin of returning.
You block the javelin of returning.
The weapon returns to the centaur!
Drink which item? (? for menu, Esc to quit)
You can't drink that!
Drink which item? (? for menu, Esc to quit)
It was a potion of lignification.
You turn into a tree.
Your +0 helmet melds into your body.
Your +1 pair of gloves melds into your body.
Your +0 scale mail melds into your body.
Your roots penetrate the ground.
The centaur throws a javelin of returning.
The javelin of returning completely misses you.
The weapon returns to the centaur!
The centaur throws a javelin of returning.
The javelin of returning hits you but does no damage.
The weapon returns to the centaur!
The centaur throws a javelin of returning.
You block the javelin of returning.
The orc warrior hits you from afar with a glaive!
You die...

#.))#.≈≈≈≈≈≈≈≈
oc≈#)))#≈c.≈≈≈≈≈≈≈
≈..≈≈≈.....≈≈≈..≈≈≈≈≈
.≈≈≈.......(.≈≈≈.≈≈≈≈
.≈.....≈≈≈..(..≈.≈≈≈≈
≈≈.⌠..≈≈≈≈≈..⌠.≈≈.≈≈≈
≈.....≈≈≈≈≈.....≈.≈≈≈
≈....≈≈≈≈≈≈≈(...≈≈.≈≈
.....≈≈≈≈≈≈≈.♣...≈c≈≈
..≈≈≈?≈o≈.(...≈o≈≈
.≈≈≈[≈≈≈.oo..≈.≈≈
≈≈≈|≈≈≈o....≈.≈≈
≈≈≈≈≈c≈c....≈.≈≈
≈≈≈≈≈≈≈.(..≈≈.≈≈
.≈≈≈≈≈.)...≈.≈≈≈
.≈≈≈≈≈..⌠.≈≈.≈≈≈
..≈≈≈.....≈.≈≈≈≈


You could see 4 orc warriors, 4 centaurs and an orc.

Vanquished Creatures
  Edmund (D:4)
  4 orc warriors (Bailey)
  A sky beast (D:4)
  A black bear (D:7)
  An ogre (D:4)
  2 phantoms (D:4)
  3 centaurs
  A giant frog (D:6)
  A scorpion (D:5)
  3 crimson imps
  A giant frog zombie (D:6)
  2 hounds (D:4)
  A giant frog skeleton (D:3)
  4 worker ants
  An iguana (D:7)
  A hound zombie (D:6)
  2 hound skeletons
  6 gnolls
  6 adders
  A shadow imp (D:6)
  An ooze (D:1)
  An adder skeleton (D:6)
  3 worms (D:3)
  9 dart slugs
  6 giant geckos
  33 orcs
  6 bats
  4 giant cockroaches
  11 goblins
  6 hobgoblins
  4 kobolds
  3 quokkas
  3 ball pythons
  3 giant newts
  A quokka skeleton (D:3)
  7 rats
144 creatures vanquished.

Vanquished Creatures (others)
  A phantom (D:5)
  An orc warrior (Bailey)
  A centaur (Bailey)
  An electric eel (D:7)
  A worker ant (D:6)
5 creatures vanquished.

Grand Total: 149 creatures vanquished

Notes
Turn   | Place    | Note
--------------------------------------------------------------
     0 | D:1      | dobroeutro the Gargoyle Fighter began the quest for the Orb.
     0 | D:1      | Reached XP level 1. HP: 14/14 MP: 1/1
    46 | D:1      | Reached XP level 2. HP: 19/19 MP: 2/2
   232 | D:1      | Reached XP level 3. HP: 12/23 MP: 3/3
   831 | D:2      | Reached XP level 4. HP: 29/29 MP: 4/4
  1110 | D:3      | Reached XP level 5. HP: 33/33 MP: 5/5
  1638 | D:4      | Reached XP level 6. HP: 29/39 MP: 6/6
  1672 | D:4      | Reached skill level 5 in Shields
  1674 | D:4      | Noticed Edmund
  1706 | D:4      | Killed Edmund
  1706 | D:4      | Reached skill level 5 in Fighting
  1706 | D:4      | Reached skill level 5 in Armour
  1706 | D:4      | Reached XP level 7. HP: 33/44 MP: 7/7
  2162 | D:4      | Found a deep blue altar of Sif Muna.
  2344 | D:5      | Entered Level 5 of the Dungeon
  2419 | D:5      | Noticed Prince Ribbit
  2667 | D:4      | Reached XP level 8. HP: 29/51 MP: 8/8
  3022 | D:5      | Found a staircase to the Ecumenical Temple.
  3130 | Temple   | Entered the Ecumenical Temple
  3146 | Temple   | Became a worshipper of the Shining One
  3307 | D:6      | Reached skill level 5 in Maces & Flails
  3583 | D:6      | Found a bloodstained altar of Trog.
  3585 | D:6      | Found a shimmering altar of Xom.
  3587 | D:6      | Found a stormy altar of Qazlal.
  3871 | D:7      | Found an iron altar of Okawaru.
  3922 | D:7      | Found a flagged portal.
  3940 | D:7      | Found a radiant altar of Vehumet.
  3954 | Bailey   | Entered a bailey
  3987 | Bailey   | Reached XP level 9. HP: 31/56 MP: 9/9
  4382 | Bailey   | Mangled by an orc warrior

Vault maps used:
D:1:      minmay_arrival_arboretum_small, hangedman_decor_clover_reticule
D:3:      first_bread, hangedman_decor_growths
D:4:      lemuel_blue_sif_altar, uniq_edmund
D:5:      minmay_temple_entry_mist, uniq_prince_ribbit1
D:6:      grunt_temple_overflow_open, minmay_misc_feat_doors
D:7:      kennysheep_slugbush, grunt_temple_overflow_magic_moments,
          enter_bailey_2, grunt_ogre_cave, okawaru_trees_2
Temple:   circular_temple_pool_12
Bailey:   bailey_polearm_flooded_kennysheep, bailey

Skill      XL: |  1  2  3  4  5  6  7  8  9 |
---------------+----------------------------+-----
Shields        | 4 5 6 7 |  7.5
Fighting       | 4 5 6 7 |  7.4
Armour         | 4 5 6 7 |  7.3
Maces & Flails | 3 4 5 6 |  6.2

Action                   |  1- 3 |  4- 6 |  7- 9 || total
-------------------------+-------+-------+-------++-------
Melee: Flail             |   104 |   156 |   327 ||   587
  Use: Scroll            |     1 |       |     6 ||     7
       Potion            |       |     1 |     4 ||     5
  Eat: Chunk             |       |     3 |     5 ||     8
       Bread ration      |       |       |     1 ||     1
Armor: Scale mail        |    50 |    69 |   180 ||   299
       Skin              |       |       |     1 ||     1
Dodge: Dodged            |    39 |    46 |   108 ||   193
Block: Shield            |    49 |   101 |   206 ||   356
